BSA
BIRMINGHAM STEELDOGS @ HENDERSONVILLE HITMEN
06/07/2025
 
TOP OF THE 1ST
Birmingham Steeldogs batting - Pitching for Hendersonville Hitmen : RHP Samuel Émond
Pitching: RHP Samuel Émond
Batting: LHB Chris Miller 0-0: Foul Ball, location: 2F
0-1: Ball
1-1: Ball
2-1: Foul Ball, location: 2F
2-2: Ground out 3-1 (Groundball, 3D)
Batting: SHB John Miller 0-0: Ground out 6-3 (Groundball, 6M)
Batting: LHB Arturo Molina 0-0: Swinging Strike
0-1: Called Strike
0-2: Ball
1-2: Ground out 6-3 (Groundball, 6)
Top of the 1st over - 0 run(s), 0 hit(s), 0 error(s), 0 left on base; Birmingham 0 - Hendersonville 0
BOTTOM OF THE 1ST
Hendersonville Hitmen batting - Pitching for Birmingham Steeldogs : RHP Albert Gonzáles
Pitching: RHP Albert Gonzáles
Batting: RHB Junior Vargas 0-0: Foul Ball, location: 2F
0-1: Ball
1-1: Ball
2-1: Foul Ball, location: 2F
2-2: Foul Ball, location: 2F
2-2: Foul Ball, location: 2F
2-2: Fly out, F8 (Flyball, 8RM)
Batting: RHB Alonso Holguín 0-0: Ball
1-0: Swinging Strike
1-1: Swinging Strike
1-2: Strikes out looking
Batting: RHB Manolo Román 0-0: DOUBLE (Line Drive, 8LS)
Batting: LHB Tony Abete 0-0: Swinging Strike
0-1: Ball
1-1: 2-RUN HOME RUN (Line Drive, 9D), Distance : 406 ft
Batting: LHB Jerry Johnston 0-0: Swinging Strike
0-1: Ground out 4-3 (Groundball, 34)
Bottom of the 1st over - 2 run(s), 2 hit(s), 0 error(s), 0 left on base; Birmingham 0 - Hendersonville 2
TOP OF THE 2ND
Birmingham Steeldogs batting - Pitching for Hendersonville Hitmen : RHP Samuel Émond
Batting: RHB Raúl Soto 0-0: Called Strike
0-1: Foul Ball, location: 2F
0-2: Ball
1-2: Foul Ball, location: 2F
1-2: Ball
2-2: Strikes out swinging
Batting: SHB Jesús Ramírez 0-0: Ball
1-0: Called Strike
1-1: Called Strike
1-2: Ball
2-2: Ball
3-2: Foul Ball, location: 2F
3-2: SINGLE (Groundball, 23) (infield hit)
Batting: LHB Ashley Pickhills 0-0: Called Strike
0-1: Called Strike
Jesús Ramírez is caught stealing 2nd base
0-2: Ball
1-2: Strikes out swinging
Top of the 2nd over - 0 run(s), 1 hit(s), 0 error(s), 0 left on base; Birmingham 0 - Hendersonville 2
BOTTOM OF THE 2ND
Hendersonville Hitmen batting - Pitching for Birmingham Steeldogs : RHP Albert Gonzáles
Batting: RHB Felipe Rivera 0-0: Called Strike
0-1: Ball
1-1: Ball
2-1: Swinging Strike
2-2: Fly out, F4 (Popup, 3D)
Batting: RHB Eduardo García 0-0: Ball
1-0: Called Strike
1-1: Swinging Strike
1-2: Ball
2-2: SINGLE (Groundball, 4D)
Batting: RHB Robert Buckley 0-0: Ball
1-0: Ball
2-0: Grounds into double play, 4-6-3 (Groundball, 4)
Bottom of the 2nd over - 0 run(s), 1 hit(s), 0 error(s), 0 left on base; Birmingham 0 - Hendersonville 2
TOP OF THE 3RD
Birmingham Steeldogs batting - Pitching for Hendersonville Hitmen : RHP Samuel Émond
Batting: RHB Paço Ttes 0-0: Ball
1-0: Ball
2-0: Swinging Strike
2-1: Foul Ball, location: 2F
2-2: Ground out 6-3 (Groundball, 6M)
Batting: RHB Jorge Canó 0-0: Ball
1-0: Fly out, F8 (Flyball, 8RM)
Batting: RHB Nick Webb 0-0: Ball
1-0: SINGLE (Groundball, 34)
Batting: LHB Chris Miller 0-0: Ball
1-0: Ball
2-0: Ball
3-0: Called Strike
3-1: Base on Balls
Nick Webb to second
Batting: SHB John Miller 0-0: Ball
1-0: Foul Ball, location: 2F
1-1: Foul Ball, location: 2F
1-2: Fly out, F3 (Popup, 3S)
Top of the 3rd over - 0 run(s), 1 hit(s), 0 error(s), 2 left on base; Birmingham 0 - Hendersonville 2
BOTTOM OF THE 3RD
Hendersonville Hitmen batting - Pitching for Birmingham Steeldogs : RHP Albert Gonzáles
Batting: RHB Taylor McFarland 0-0: Ball
1-0: Fly out, F7 (Flyball, 7M)
Batting: RHB Junior Vargas 0-0: Foul Ball, location: 2F
0-1: Foul Ball, location: 2F
0-2: Ground out 6-3 (Groundball, 6M)
Batting: RHB Alonso Holguín 0-0: Called Strike
0-1: Foul Ball, location: 2F
0-2: Ball
1-2: SINGLE (Groundball, 23) (infield hit)
Batting: RHB Manolo Román 0-0: Fielders Choice at 2nd, 5-4 (Groundball, 5)
Bottom of the 3rd over - 0 run(s), 1 hit(s), 0 error(s), 0 left on base; Birmingham 0 - Hendersonville 2
TOP OF THE 4TH
Birmingham Steeldogs batting - Pitching for Hendersonville Hitmen : RHP Samuel Émond
Batting: LHB Arturo Molina 0-0: Ball
1-0: Ball
2-0: Ball
3-0: Called Strike
3-1: Called Strike
3-2: Fly out, F8 (Flyball, 8LXD)
Batting: RHB Raúl Soto 0-0: Fly out, F7 (Line Drive, 78M)
Batting: SHB Jesús Ramírez 0-0: Ball
1-0: Foul Ball, location: 2F
1-1: Ball
2-1: Ball
3-1: Foul Ball, location: 2F
3-2: Foul Ball, location: 2F
3-2: SINGLE (Line Drive, 4D)
Batting: LHB Ashley Pickhills 0-0: Called Strike
0-1: Ball
1-1: Swinging Strike
1-2: Foul Ball, location: 2F
1-2: Strikes out swinging
Top of the 4th over - 0 run(s), 1 hit(s), 0 error(s), 1 left on base; Birmingham 0 - Hendersonville 2
BOTTOM OF THE 4TH
Hendersonville Hitmen batting - Pitching for Birmingham Steeldogs : RHP Albert Gonzáles
Batting: LHB Tony Abete 0-0: Ball
1-0: Foul Ball, location: 2F
1-1: Swinging Strike
1-2: Foul Ball, location: 2F
1-2: SOLO HOME RUN (Flyball, 9LD), Distance : 372 ft
Batting: LHB Jerry Johnston 0-0: Ground out 4-3 (Groundball, 4)
Batting: RHB Felipe Rivera 0-0: Called Strike
0-1: Foul Ball, location: 2F
0-2: Foul Ball, location: 2F
0-2: Ball
1-2: Fly out, F8 (Flyball, 8RD)
Batting: RHB Eduardo García 0-0: Ball
1-0: Called Strike
1-1: Ball
2-1: Ball
3-1: Foul Ball, location: 2F
3-2: Base on Balls
Batting: RHB Robert Buckley 0-0: Called Strike
0-1: Foul Ball, location: 2F
0-2: Fly out, F4 (Popup, 34D)
Bottom of the 4th over - 1 run(s), 1 hit(s), 0 error(s), 1 left on base; Birmingham 0 - Hendersonville 3
TOP OF THE 5TH
Birmingham Steeldogs batting - Pitching for Hendersonville Hitmen : RHP Samuel Émond
Batting: RHB Paço Ttes 0-0: Ball
1-0: Foul Ball, location: 2F
1-1: Ball
2-1: Ball
3-1: Called Strike
3-2: SOLO HOME RUN (Flyball, 7LD), Distance : 369 ft
Batting: RHB Jorge Canó 0-0: Ball
1-0: Foul Ball, location: 2F
1-1: Foul Ball, location: 2F
1-2: Foul Ball, location: 2F
1-2: Foul Ball, location: 2F
1-2: Foul Ball, location: 2F
1-2: Strikes out swinging
Batting: RHB Nick Webb 0-0: Ball
1-0: Called Strike
1-1: Foul Ball, location: 2F
1-2: Ball
2-2: Ground out 5-3 (Groundball, 56S)
Batting: LHB Chris Miller 0-0: Called Strike
0-1: Swinging Strike
0-2: Ground out 1-3 (Groundball, 15S)
Top of the 5th over - 1 run(s), 1 hit(s), 0 error(s), 0 left on base; Birmingham 1 - Hendersonville 3
BOTTOM OF THE 5TH
Hendersonville Hitmen batting - Pitching for Birmingham Steeldogs : RHP Albert Gonzáles
Batting: RHB Taylor McFarland 0-0: SINGLE (Groundball, 6MD) (infield hit)
Batting: RHB Junior Vargas 0-0: Ball
1-0: Ground out 3-1 (Groundball, 34S)
Taylor McFarland to second
Batting: RHB Alonso Holguín 0-0: Foul Ball, location: 2F
0-1: Ball
1-1: SINGLE (Flyball, 89S)
Taylor McFarland to third
Runner from 3rd tries for Home, SAFE, no throw or cutoff
Batting: RHB Manolo Román 0-0: Ball
1-0: Foul Ball, location: 2F
1-1: Foul Ball, location: 2F
1-2: Ball
2-2: SINGLE (Line Drive, 5D)
Alonso Holguín to second
Batting: LHB Tony Abete 0-0: Ball
1-0: Ball
2-0: Swinging Strike
2-1: Ball
3-1: Called Strike
3-2: Base on Balls
Alonso Holguín to third
Manolo Román to second
Batting: LHB Jerry Johnston 0-0: Ground out U3 (Groundball, 3S)
Alonso Holguín scores
Manolo Román to third
Tony Abete to second
Batting: RHB Felipe Rivera 0-0: Called Strike
0-1: SINGLE (Groundball, 56D)
Manolo Román scores
Tony Abete to third
Runner from 3rd tries for Home, SAFE, no throw or cutoff
Pitching: RHP Pat Lee
Batting: RHB Eduardo García 0-0: Ball
1-0: Foul Ball, location: 2F
1-1: Foul Ball, location: 2F
1-2: Ball
2-2: Foul Ball, location: 2F
2-2: Fly out, F6 (Line Drive, 6)
Bottom of the 5th over - 4 run(s), 4 hit(s), 0 error(s), 1 left on base; Birmingham 1 - Hendersonville 7
TOP OF THE 6TH
Birmingham Steeldogs batting - Pitching for Hendersonville Hitmen : RHP Samuel Émond
Pitching: RHP Francisco Carrasco
Batting: SHB John Miller 0-0: Ball
1-0: Ground out 3-1 (Groundball, 3)
Batting: LHB Arturo Molina 0-0: Ball
1-0: Called Strike
1-1: DOUBLE (Flyball, 78D)
Batting: RHB Raúl Soto 0-0: Called Strike
0-1: Swinging Strike
0-2: Ball
1-2: Strikes out swinging
Batting: SHB Jesús Ramírez 0-0: Ball
1-0: Foul Ball, location: 2F
1-1: Ball
2-1: Ball
3-1: Foul Ball, location: 2F
3-2: Base on Balls
Batting: LHB Ashley Pickhills 0-0: Ball
1-0: DOUBLE (Line Drive, 9LD)
Arturo Molina scores
Jesús Ramírez to third
Batting: RHB Paço Ttes 0-0: Fly out, F8 (Flyball, 8LD)
Top of the 6th over - 1 run(s), 2 hit(s), 0 error(s), 2 left on base; Birmingham 2 - Hendersonville 7
BOTTOM OF THE 6TH
Hendersonville Hitmen batting - Pitching for Birmingham Steeldogs : RHP Pat Lee
Batting: RHB Robert Buckley 0-0: Ball
1-0: Fly out, F7 (Flyball, 7D)
Batting: RHB Taylor McFarland 0-0: Ball
1-0: SOLO HOME RUN (Line Drive, 89XD), Distance : 424 ft
Batting: RHB Junior Vargas 0-0: Called Strike
0-1: SINGLE (Groundball, 4M)
Batting: RHB Alonso Holguín 0-0: Ball
Junior Vargas steals 2nd base
1-0: Swinging Strike
1-1: Foul Ball, location: 2F
1-2: SINGLE (Line Drive, 4M)
Junior Vargas to third
Batting: RHB Manolo Román 0-0: Called Strike
0-1: Ball
1-1: Ball
2-1: Foul Ball, location: 2F
2-2: Hit by Pitch
Alonso Holguín to second
Batting: LHB Tony Abete 0-0: Ball
1-0: Ball
2-0: Ball
3-0: Base on Balls
Junior Vargas scores
Alonso Holguín to third
Manolo Román to second
Batting: LHB Jerry Johnston 0-0: Foul Ball, location: 2F
0-1: Called Strike
0-2: Foul Ball, location: 2F
0-2: Strikes out swinging
Batting: RHB Felipe Rivera 0-0: Fly out, F8 (Flyball, 8LS)
Bottom of the 6th over - 2 run(s), 3 hit(s), 0 error(s), 3 left on base; Birmingham 2 - Hendersonville 9
TOP OF THE 7TH
Birmingham Steeldogs batting - Pitching for Hendersonville Hitmen : RHP Francisco Carrasco
Batting: RHB Jorge Canó 0-0: Called Strike
0-1: Ground out 6-3 (Groundball, 6)
Batting: RHB Nick Webb 0-0: Swinging Strike
0-1: Ball
1-1: Ball
2-1: Fly out, F8 (Flyball, 8LS)
Batting: LHB Chris Miller 0-0: Ball
1-0: Foul Ball, location: 2F
1-1: Ground out 4-3 (Groundball, 4)
Top of the 7th over - 0 run(s), 0 hit(s), 0 error(s), 0 left on base; Birmingham 2 - Hendersonville 9
BOTTOM OF THE 7TH
Hendersonville Hitmen batting - Pitching for Birmingham Steeldogs : RHP Pat Lee
Pitching: RHP Pete Cook
Batting: RHB Eduardo García 0-0: Ball
1-0: Called Strike
1-1: Ball
2-1: Foul Ball, location: 2F
2-2: Foul Ball, location: 2F
2-2: Ball
3-2: Base on Balls
Batting: RHB Robert Buckley 0-0: Ball
1-0: Sac Bunt - play at first, batter OUT! 1-4
Eduardo García to second
Batting: RHB Taylor McFarland 0-0: Called Strike
0-1: Ball
1-1: Called Strike
1-2: Foul Ball, location: 2F
1-2: Strikes out swinging
Batting: RHB Junior Vargas 0-0: Ball
1-0: SINGLE (Line Drive, 4MD)
Eduardo García to third
Runner from 3rd tries for Home, SAFE, no throw or cutoff
Batting: RHB Alonso Holguín 0-0: Ball
1-0: Called Strike
1-1: Foul Ball, location: 2F
1-2: Foul Ball, location: 2F
1-2: Ball
2-2: Foul Ball, location: 2F
2-2: Ball
3-2: Base on Balls
Junior Vargas to second
Batting: RHB Manolo Román 0-0: Swinging Strike
0-1: Called Strike
0-2: Strikes out swinging
Bottom of the 7th over - 1 run(s), 1 hit(s), 0 error(s), 2 left on base; Birmingham 2 - Hendersonville 10
TOP OF THE 8TH
Birmingham Steeldogs batting - Pitching for Hendersonville Hitmen : RHP Francisco Carrasco
Pitching: RHP Edward Cadle
Batting: SHB John Miller 0-0: Foul Ball, location: 2F
0-1: Ball
1-1: Ground out U3 (Groundball, 3S)
Batting: LHB Arturo Molina 0-0: Ball
1-0: Called Strike
1-1: Ground out 1-3 (Groundball, 13)
Batting: RHB Raúl Soto 0-0: Foul Ball, location: 2F
0-1: Ball
1-1: Foul Ball, location: 2F
1-2: Foul Ball, location: 2F
1-2: Ball
2-2: Strikes out looking
Top of the 8th over - 0 run(s), 0 hit(s), 0 error(s), 0 left on base; Birmingham 2 - Hendersonville 10
BOTTOM OF THE 8TH
Hendersonville Hitmen batting - Pitching for Birmingham Steeldogs : RHP Pete Cook
Batting: LHB Tony Abete 0-0: Ball
1-0: Ball
2-0: Ball
3-0: Called Strike
3-1: Foul Ball, location: 2F
3-2: Base on Balls
Batting: LHB Jerry Johnston 0-0: Swinging Strike
0-1: Ball
1-1: Swinging Strike
1-2: Ball
2-2: Foul Ball, location: 2F
2-2: Grounds out, U3 (Groundball, 3L)
Batting: RHB Felipe Rivera 0-0: Called Strike
0-1: Ball
1-1: Ball
2-1: Ball
3-1: Base on Balls
Batting: RHB Eduardo García 0-0: Ball
1-0: Ball
2-0: Foul Ball, location: 2F
2-1: Ball
3-1: Foul Ball, location: 2F
3-2: Base on Balls
Tony Abete to third
Felipe Rivera to second
Batting: RHB Robert Buckley 0-0: Called Strike
0-1: Swinging Strike
0-2: Strikes out swinging
Batting: RHB Taylor McFarland 0-0: Ball
Wild Pitch!
Tony Abete scores
Felipe Rivera to third
Eduardo García to second
1-0: Fly out, F8 (Popup, 4MD)
Bottom of the 8th over - 1 run(s), 0 hit(s), 0 error(s), 2 left on base; Birmingham 2 - Hendersonville 11
TOP OF THE 9TH
Birmingham Steeldogs batting - Pitching for Hendersonville Hitmen : RHP Edward Cadle
Batting: SHB Jesús Ramírez 0-0: Ball
1-0: Reached on Error, E7 (Flyball, 7S)
Batting: LHB Ashley Pickhills 0-0: Called Strike
0-1: Ball
1-1: Foul Ball, location: 2F
1-2: Fielders Choice at 2nd, 2-6 (Groundball, 2L)
Batting: RHB Paço Ttes 0-0: Ball
1-0: DOUBLE (Flyball, 7LM)
Ashley Pickhills to third
Batting: RHB Jorge Canó 0-0: SINGLE (Groundball, 6D)
Ashley Pickhills scores
Paço Ttes to third
Runner from 3rd tries for Home, SAFE, throw made home
Jorge Canó to second
Batting: RHB Nick Webb 0-0: Called Strike
0-1: Ball
1-1: SINGLE (Groundball, 34S)
Jorge Canó to third
Runner from 3rd tries for Home, throw and OUT!
Nick Webb to second
Batting: LHB Chris Miller 0-0: Swinging Strike
0-1: Ball
1-1: Ground out 1-3 (Groundball, 15S)
Top of the 9th over - 2 run(s), 3 hit(s), 1 error(s), 1 left on base; Birmingham 4 - Hendersonville 11
This league is powered by Out of the Park Baseball, the baseball management simulation game for PC, Mac and Linux
Tuesday, August 2nd, 2016 - OOTP Baseball 16.8 Build 38